 Dungeon Crawl Stone Soup version 0.28.0-43-g3370ac3207 (webtiles) character file.

Game seed: 7765070256127978949

1686 issech the Basher (level 8, -1/71 HPs)
             Began as a Troll Monk on Mar 8, 2022.
             Was a Believer of Hepliaklqana.
             Succumbed to a hornet's poison
             ... on level 6 of the Dungeon.
             The game lasted 00:19:50 (5678 turns).

issech the Basher (Troll Monk)                      Turns: 5678, Time: 00:19:51

Health: -1/71      AC:  7    Str: 26    XL:     8   Next: 71%
Magic:  7/7        EV: 10    Int:  6    God:    Hepliaklqana [**....]
Gold:   167        SH:  8    Dex: 14    Spells: 7/7 levels left

rFire   . . .      SeeInvis .   a - +0 mace (venom)
rCold   . . .      Faith    .   J - +2 kite shield
rNeg    . . .      Spirit   .   b - +0 robe
rPois   .          Reflect  .   (helmet restricted)
rElec   .          Harm     .   m - +2 cloak
rCorr   .          Rampage  .   (gloves unavailable)
Will    .....                   (boots unavailable)
Stlth   ++........              (no amulet)
HPRegen 1.01/turn               k - +6 ring of strength
MPRegen 0.10/turn               (no ring)

@: lethally poisoned (-1 -> -6), slowed, very slow
A: reduced essence, large, unfitting armour, claws 3, regeneration 1, shaggy fur
1, tough skin 1
a: Renounce Religion, Recall Ancestor, Ancestor Identity


You were on level 6 of the Dungeon.
You worshipped Hepliaklqana.
Hepliaklqana was pleased with you.
You visited 2 branches of the dungeon, and saw 7 of its levels.
You also visited: Ossuary.

You collected 167 gold pieces.

Inventory:

Hand Weapons
 a - a +0 mace of venom (weapon)
 f - a +2 quarterstaff of chaos
 i - a +0 vorpal spear
 o - a +0 giant spiked club
 v - a +0 flail
 A - a +0 hand crossbow
 D - a +1 short sword of chaos
 E - a +0 rapier of chaos
 F - a +2 dagger of chaos
 G - a +2 whip of chaos
 H - a +2 dagger of chaos
Missiles
 c - 149 stones (quivered)
 h - 38 bolts
 p - 33 poisoned darts
 r - 23 sling bullets
 B - 5 javelins
 C - 25 arrows
Armour
 b - a +0 robe (worn)
 m - a +2 cloak (worn)
 J - a +2 kite shield (worn)
Jewellery
 k - a +6 ring of strength (left claw)
Scrolls
 l - 2 scrolls of immolation
 n - 6 scrolls of blinking
 q - 2 scrolls of fog
 s - 3 scrolls of vulnerability
 u - a scroll of teleportation
 y - 2 scrolls of identify
 z - a scroll of enchant armour
Potions
 d - 2 potions of mutation {unknown}
 e - 2 potions of brilliance {unknown}
 g - 5 potions of heal wounds {unknown}
 j - a potion of attraction {unknown}
 t - 4 potions of magic {unknown}
 w - 2 potions of lignification {unknown}
 x - 2 potions of curing {unknown}
 I - a potion of ambrosia {unknown}


   Skills:
 + Level 4.7 Fighting
 + Level 8.0 Maces & Flails
 + Level 4.5 Dodging
 + Level 2.2 Stealth


You had 7 spell levels left.
You didn't know any spells.
Your spell library contained the following spells:

 Spells                   Type           Power      Damage    Failure   Level
 Summon Small Mammal      Summ           0%         N/A       80%         1
 Call Canine Familiar     Summ           0%         N/A       99%         3
 Summon Guardian Golem    Hex/Summ       0%         N/A       99%         3


Dungeon Overview and Level Annotations

Branches:
Dungeon (6/15)             Temple (1/1) D:5         Ossuary (visited)

Altars:
Ashenzari
Cheibriados
Dithmenos
Elyvilon
Fedhas
Gozag
Hepliaklqana
Kikubaaqudgha
Makhleb
Nemelex Xobeh
Okawaru
Qazlal
Ru
Sif Muna
Trog
Uskayaw
Vehumet
Xom
Yredelemnul
Zin
The Shining One

Shops:
D:5 !

Annotations:
D:6 1 runed translucent door


Innate Abilities, Weirdness & Mutations

Your life essence is reduced to manifest your ancestor. (-10% HP)
You are too large for most types of armour.
You have claws for hands.
Your natural rate of healing is unusually fast.
You are covered in fur. (AC +1)
You have tough skin. (AC +1)


Message History

The stone arrow hits the hornet!
You start putting on your armour.
You continue putting on your +2 kite shield.
The hornet barely misses you.
Cuahtemoc closely misses the hornet.
The hornet stings you but does no damage.
You continue putting on your +2 kite shield.
You feel yourself speed up. The hornet stings you!
You are poisoned.
You suddenly lose the ability to move!
Cuahtemoc hits the hornet with a +0 quarterstaff!
The hornet stings Cuahtemoc!
Cuahtemoc closely misses the hornet.
You feel very sick.
The hornet stings Cuahtemoc! x2
Cuahtemoc is destroyed!
You can move again.
You continue putting on your +2 kite shield.
You feel sick. The hornet barely misses you.
You continue putting on your +2 kite shield.
You feel sick. The hornet stings you!
You suddenly lose the ability to move!
The hornet stings you!
You feel yourself slow down.
You feel sick. The hornet stings you!
* * * LOW HITPOINT WARNING * * *
You feel as though you will be slow longer.
You feel sick. The hornet stings you!
* * * LOW HITPOINT WARNING * * *
You feel as though you will be slow longer.
The hornet stings you but does no damage.
You can move again.
You finish putting on your +2 kite shield.
You hit the hornet but do no damage.
The hornet is poisoned.
The hornet is severely wounded.
You feel sick. The hornet stings you.
* * * LOW HITPOINT WARNING * * *
You are lethally poisoned!
You feel as though you will be slow longer.
The hornet closely misses you.
You hit the hornet.
The hornet looks as sick as possible!
The hornet is almost dead.
You die...

.......#......<.....###.
.#.....##...............
.##..#.)####...........#
####.#....##..##.....#..
# #......#...........##.
# #..................###
###.##...8.##...###.##
#####.......y$.###.#
#..8..##@#..####
#.....##.# .....
#..8..##.# ####
#.....##.. #Z#
#..8..##.. ##
#....###... # #..8.#
#... ##.?.


You could see a hornet (extremely poisoned).

Vanquished Creatures
  A black bear (D:5)
  An ice beast (D:5)
  A necrophage (D:5)
  2 ogres (D:4)
  A kobold brigand (D:5)
  A wyvern zombie (D:5)
  A jelly (D:6)
  Crazy Yiuf (D:2)
  A gnoll shaman (D:6)
  2 hounds
  An orc priest (D:5)
  A bullfrog skeleton (D:5)
  Jessica (D:3)
  A human zombie (D:6)
  An iguana (D:5)
  A hound zombie (D:5)
  13 mummies (Ossuary)
  A howler monkey zombie (D:5)
  3 gnolls
  13 adders
  An ufetubus (D:6)
  2 worms
  3 dart slugs
  14 orcs
  4 endoplasms
  6 giant cockroaches
  9 goblins
  9 hobgoblins
  4 jackals (D:3)
  2 quokkas (D:3)
  7 ball pythons
  6 bats
  6 frilled lizards
  4 goblin skeletons (Ossuary)
  12 kobolds
  2 kobold skeletons (Ossuary)
  2 orc skeletons (Ossuary)
  3 rats
  11 rat skeletons (Ossuary)
155 creatures vanquished.

Vanquished Creatures (collateral kills)
  A centaur zombie (D:6)
  3 gnolls (D:6)
  An orc (D:6)
  3 kobolds (D:5)
8 creatures vanquished.

Vanquished Creatures (others)
  A battlemage (D:6)
1 creature vanquished.

Grand Total: 164 creatures vanquished

Notes
Turn   | Place    | Note
-------+----------+-------------------------------------------
     0 | D:1      | issech the Troll Monk began the quest for the Orb.
     0 | D:1      | Reached XP level 1. HP: 22/22 MP: 0/0
   290 | D:1      | Reached XP level 2. HP: 29/29 MP: 1/1
   348 | D:1      | Reached skill level 3 in Maces & Flails
   761 | D:1      | Reached XP level 3. HP: 35/36 MP: 2/2
   853 | D:1      | Found a faded altar of an unknown god.
  1379 | D:2      | Reached XP level 4. HP: 45/45 MP: 3/3
  1418 | D:2      | Found a glowing silver altar of Zin.
  1528 | D:2      | Found a runed translucent door.
  1529 | D:2      | Noticed Crazy Yiuf
  2060 | D:2      | Killed Crazy Yiuf
  2061 | D:2      | Reached skill level 4 in Maces & Flails
  2269 | D:3      | Reached XP level 5. HP: 49/53 MP: 4/4
  2554 | D:3      | Noticed Jessica
  2559 | D:3      | Killed Jessica
  2736 | D:4      | Noticed an ogre
  2777 | D:4      | Found a sand-covered staircase.
  2782 | Ossuary  | Entered an ossuary
  2811 | Ossuary  | Reached XP level 6. HP: 61/61 MP: 5/5
  2962 | Ossuary  | Reached skill level 5 in Maces & Flails
  3305 | D:4      | Reached XP level 7. HP: 67/67 MP: 6/6
  3600 | D:4      | Reached skill level 6 in Maces & Flails
  3831 | D:5      | Entered Level 5 of the Dungeon
  3904 | D:5      | Found Yrui's Distillery.
  4011 | D:5      | Found a large runed translucent door.
  4011 | D:5      | Found a large runed translucent door.
  4029 | D:5      | Found a shimmering altar of Xom.
  4233 | D:5      | Reached XP level 8. HP: 51/78 MP: 7/7
  4295 | D:5      | Reached skill level 7 in Maces & Flails
  4357 | D:5      | Found a staircase to the Ecumenical Temple.
  4370 | Temple   | Entered the Ecumenical Temple
  4721 | Temple   | Became a worshipper of Hepliaklqana the Forgotten
  4721 | Temple   | Reached * piety under Hepliaklqana
  4721 | Temple   | Reached ** piety under Hepliaklqana
  4722 | Temple   | Remembered your ancestor Cuahtemoc as a battlemage
  5430 | D:6      | Found a runed translucent door.
  5438 | D:6      | Reached skill level 8 in Maces & Flails
  5438 | D:6      | Found a basalt altar of Yredelemnul.
  5665 | D:6      | Noticed a hornet
  5671 | D:6      | Paralysed by a hornet for 2 turns
  5674 | D:6      | Paralysed by a hornet for 3 turns
  5677 | D:6      | HP: 3/71 [hornet (6)]
  5678 | D:6      | Succumbed to a hornet's poison

Illustrated notes

Levels and vault maps discovered:
D:1:      dpeg_arrival_lava_temple_mockup, layout_basic,
          dreamdust_ecumenical_altar_angels_and_demons, moated_statue,
          kennysheep_minor_cross
D:2:      kb_forest_paths, layout_basic, basic_altar, uniq_crazy_yiuf_cottage
D:3:      layout_basic, uniq_jessica
D:4:      layout_basic, enter_ossuary_5
D:5:      due_chaos_kobolds, layout_loops_ring,
          minmay_temple_entry_purple_smoke, serial_shops, shop
D:6:      layout_cave_pools, dk_yredelemnul_ordeal, serial_column_ruins,
          column_ruins_columns_straight, column_ruins_columns_straight,
          column_ruins_open_large, kb_rosetta
Temple:   mainiacjoe_temple_cubbyholes

Skill      XL: |  1  2  3  4  5  6  7  8 |
---------------+-------------------------+-----
Maces & Flails | 3 4 5 6 8 |  8.0
Fighting       | 3 4 |  4.7
Dodging        | 3 4 |  4.5
Stealth        | 2 |  2.2

Action                   |  1- 3 |  4- 6 |  7- 9 || total
-------------------------+-------+-------+-------++-------
Melee: Mace              |   128 |   273 |   152 ||   553
       Punch             |     1 |     3 |     4 ||     8
Invok: Ancestor Life: Ba |       |       |     1 ||     1
  Use: Scroll            |       |     8 |       ||     8
 Stab: Sleeping          |     2 |     5 |     1 ||     8
Armor: Robe              |    73 |    83 |    54 ||   210
Dodge: Dodged            |    89 |   130 |    95 ||   314
